 Dungeon Crawl Stone Soup version 0.27-a0-1196-g3e9cee4cb2 (webtiles) character file.

Game seed: 12750059233358159355

32 HalberdGnoll the Skirmisher (level 3, 0/39 HPs)
             Began as an Ogre Wanderer on May 28, 2021.
             Succumbed to an adder's poison
             ... on level 2 of the Dungeon.
             The game lasted 00:06:57 (1207 turns).

HalberdGnoll the Skirmisher (Ogre Wanderer)         Turns: 1207, Time: 00:06:58

Health: 0/39       AC:  3    Str: 18    XL:     3   Next: 27%
Magic:  3/3        EV:  7    Int: 14    God:
Gold:   16         SH:  7    Dex:  6    Spells: 2/2 levels left

rFire    . . .     SeeInvis .   a - +0 mace
rCold    . . .     Faith    .   c - +0 kite shield
rNeg     . . .     Spirit   .   e - +0 robe
rPois    .         Reflect  .   (helmet restricted)
rElec    .         Harm     .   (no cloak)
rCorr    .         Rampage  .   (gloves unavailable)
Will     .....                  (boots unavailable)
Stlth    +.........             (no amulet)
HPRegen  0.13/turn              (no ring)
MPRegen  0.08/turn              (no ring)

@: lethally poisoned (0 -> -4), hasted, very quick
A: large, unfitting armour, tough skin 1
a: no special abilities


You were on level 2 of the Dungeon.
You visited 1 branch of the dungeon, and saw 2 of its levels.

You collected 16 gold pieces.

Inventory:

Hand Weapons
 a - a +0 mace (weapon)
 b - a +1 hand crossbow
Missiles
 d - 24 bolts
 f - 35 stones (quivered)
 g - 25 arrows
Armour
 c - a +0 kite shield (worn)
 e - a +0 robe (worn)
Scrolls
 h - 2 scrolls of teleportation


   Skills:
 + Level 3.9 Fighting
 - Level 2.6 Long Blades
 - Level 2.1 Crossbows
 - Level 1.0 Stealth
 + Level 2.0 Shields


You had 2 spell levels left.
You didn't know any spells.
Your spell library was empty.

Dungeon Overview and Level Annotations

Branches:
Dungeon (2/15)

Altars:


Innate Abilities, Weirdness & Mutations

You are too large for most types of armour.
You have tough skin. (AC +1)


Message History

The adder poisons you!
Press: ? - help, v - describe, . - travel, g - get item
Here: an adder
Items here: a +0 dagger; a goblin corpse.
The floor.
You barely miss the adder.
You feel very sick. The adder bites you.
You are more poisoned.
The adder poisons you! The adder bites you.
You are lethally poisoned!
The adder poisons you! The adder bites you but does no damage.
It was a potion of haste.
You feel yourself speed up.
You feel very sick. The adder barely misses you.
You hit the adder.
The adder is moderately wounded.
* * * LOW HITPOINT WARNING * * *
You feel very sick. The adder barely misses you.
Your shield prevents you from hitting the adder.
The adder is moderately wounded.
* * * LOW HITPOINT WARNING * * *
You feel sick. You block the adder's attack.
The adder bites you but does no damage.
You miss the adder.
The adder is moderately wounded.
* * * LOW HITPOINT WARNING * * *
You feel very sick. The adder bites you.
* * * LOW HITPOINT WARNING * * *
You hit the adder but do no damage.
The adder is lightly wounded.
* * * LOW HITPOINT WARNING * * *
You feel sick. The adder bites you.
* * * LOW HITPOINT WARNING * * *
The adder bites you but does no damage.
You barely miss the adder.
The adder is lightly wounded.
You die...

#....#.###...####
#....#...........
#....#..###.#####
#................
#######.........#.#####
................#.#
########.........#.#
#..<....#.#####.##.#
#.###.#@#.# #.##.#
#..)..#S#.# #..#.#
#######.#.# ##.#.#
#.#.# .# #.#.# .. #.#.#
#.#.# #.# #.#


You could see an adder.

Vanquished Creatures
  2 dart slugs (D:1)
  3 endoplasms (D:1)
  A giant cockroach (D:1)
  3 hobgoblins (D:1)
  2 kobolds (D:1)
  2 quokkas (D:1)
  3 ball pythons (D:1)
  5 bats
  3 frilled lizards (D:1)
  2 goblins
  4 rats
30 creatures vanquished.

Notes
Turn   | Place    | Note
-------+----------+-------------------------------------------
     0 | D:1      | HalberdGnoll the Ogre Wanderer began the quest for the Orb.
     0 | D:1      | HalberdGnoll set off with the following items: a +0 mace, a
                  | +0 kite shield, a +0 hand crossbow, 24 bolts, a +0 robe
     0 | D:1      | Reached XP level 1. HP: 22/22 MP: 1/1
   118 | D:1      | Reached skill level 3 in Fighting
   175 | D:1      | Reached XP level 2. HP: 31/31 MP: 2/2
   256 | D:1      | Found a faded altar of an unknown god.
   410 | D:1      | Reached XP level 3. HP: 39/39 MP: 3/3
  1206 | D:2      | HP: 1/39 [adder (2)]
  1207 | D:2      | Succumbed to an adder's poison

Illustrated notes

Levels and vault maps discovered:
D:1:      psy_arrival_whirlpool, layout_loops_ring,
          ebering_ecumenical_altar_rust, minmay_tetromino_s2
D:2:      layout_basic, st_stairs_4, hangedman_decor_peaks_small, uniq_natasha

Skill      XL: |  1  2  3 |
---------------+----------+-----
Fighting       | 3 |  3.9
Shields        | 2 |  2.0
Long Blades    | |  2.6
Crossbows      | |  2.1
Stealth        | |  1.0

Action                   || total
-------------------------++-------
Melee: Mace              ||    68
 Fire: Hand crossbow     ||    19
  Use: Scroll            ||     3
       Potion            ||     1
 Stab: Sleeping          ||     1
Armor: Robe              ||    35
Dodge: Dodged            ||    24
Block: Kite shield       ||    31

Table legend: (Time is in decaauts)
 A = Elapsed time spent in this place.
 B = Non-inter-level travel time spent in this place.
 C = Inter-level travel time spent in this place.
 D = Time resting spent in this place.
 E = Time spent auto-exploring this place.
 F = Levels seen in this place.
 G = Mean time per level.
                   A        B        C        D        E       F      G
               +--------+--------+--------+--------+--------+-----+--------+
         Total |   1257 |   1122 |    135 |    134 |    711 |   2 |  628.5 |
       Dungeon |   1257 |   1122 |    135 |    134 |    711 |   2 |  628.5 |
               +--------+--------+--------+--------+--------+-----+--------+

Top non-repeatable levels by time:
     D:1: 1127 daAuts
     D:2: 130 daAuts
